Calgary Flames vs Washington Capitals
Created - Saturday, April 5, 2025 at 09:54
Goals
|
| Calgary Flames |
1 |
0 |
0 |
0 |
1 |
| Washington Capitals |
0 |
0 |
1 |
1 |
2 |
|
Shots
|
| Calgary Flames |
10 |
5 |
17 |
1 |
33 |
| Washington Capitals |
10 |
1 |
14 |
4 |
29 |
|
1st period
1. Calgary Flames , Zach Hyman 17 (Sebastian Aho 36, Pavel Zacha 15) at 19:34 (PP)
Penalties :
J.T. Miller (CGY) for Cross-checking (Minor) at 4:44, Pavel Zacha (CGY) for Slashing (Minor) at 8:30, Nick Foligno (WSH) for Fighting (Major) at 12:58, Matthew Tkachuk (CGY) for Fighting (Major) at 12:58, Nick Foligno (WSH) for instigated a fight (Minor) at 12:58, Nick Foligno (WSH) for instigated a fight (10 Minutes Misconduct) at 12:58, Ian Cole (WSH) for Delaying the game (Minor) at 18:53
2nd period
No Goal
Penalties :
No Penalty
3rd period
2. Washington Capitals , Yegor Chinakhov 6 (Owen Tippett 14, Michael McLeod 4) at 8:51
Penalties :
Matthew Tkachuk (CGY) for Holding (Minor) at 15:44, Brad Marchand (WSH) for High sticking (Minor) at 18:08
Overtime #1
3. Washington Capitals , Nico Hischier 23 (Alex Ovechkin 14) at 1:15
Penalties :
No Penalty
Goalie Stats
Ilya Sorokin (CGY), 27 saves from 29 shots - (0.931), OTL, 27-13-2, 61:15 minutes
Jake Oettinger (WSH), 32 saves from 33 shots - (0.970), W, 21-10-2, 61:15 minutes
Players Stats for Calgary Flames
Player Name G A P +/- PIM S H SB GA TA FO MP PP MP PK MP
------------------------------------------------------------------------------------
Bo Horvat 0 0 0 0 0 3 0 0 0 0 7/12 13:28 0:26 0:00
Cale Makar 0 0 0 -1 0 1 0 0 4 0 0/0 22:44 2:53 2:46
Chris Kreider 0 0 0 -1 0 2 2 0 0 0 0/0 20:05 1:29 2:47
Drew Doughty 0 0 0 -1 0 4 0 2 0 1 0/0 22:47 2:53 2:46
Filip Hronek 0 0 0 -1 0 1 0 1 0 1 0/0 15:22 0:00 0:00
J.T. Miller 0 0 0 -1 2 2 1 2 0 0 7/15 19:16 1:29 1:58
Jake Middleton 0 0 0 -1 0 1 1 2 0 0 0/0 15:18 0:00 0:00
Jeremy Lauzon 0 0 0 0 0 0 2 1 0 2 0/0 22:19 1:38 3:11
Joel Eriksson Ek 0 0 0 0 0 3 2 0 0 0 0/0 17:24 0:00 2:50
Kris Letang 0 0 0 0 0 0 2 1 0 0 0/0 22:21 1:38 3:11
Mathieu Joseph 0 0 0 -1 0 2 0 0 0 0 0/0 8:37 0:00 0:00
Matthew Tkachuk 0 0 0 0 7 2 1 0 0 0 0/0 14:56 0:52 0:00
Nic Dowd 0 0 0 -1 0 2 0 0 0 0 0/0 9:31 0:40 0:00
Nicholas Paul 0 0 0 -1 0 1 0 0 0 0 4/6 9:32 0:17 0:42
Oliver Bjorkstrand 0 0 0 0 0 2 0 0 0 1 1/1 12:50 0:27 0:00
Pavel Zacha 0 1 1 0 2 1 2 0 0 0 1/1 15:46 2:35 0:35
Sebastian Aho 0 1 1 0 0 2 0 0 0 0 13/25 20:18 2:43 3:02
Zach Hyman 1 0 1 0 0 4 2 1 0 0 0/1 16:25 2:35 0:00
Players Stats for Washington Capitals
Player Name G A P +/- PIM S H SB GA TA FO MP PP MP PK MP
------------------------------------------------------------------------------------
Alex Ovechkin 0 1 1 1 0 1 0 0 0 0 1/2 13:17 0:00 0:00
Brad Marchand 0 0 0 0 2 4 0 1 0 0 0/0 19:29 2:59 1:18
Derek Forbort 0 0 0 0 0 1 0 2 0 0 0/0 18:22 0:00 2:28
Drake Batherson 0 0 0 0 0 3 1 0 1 0 2/5 17:59 2:56 0:00
Fabian Zetterlund 0 0 0 0 0 0 0 1 0 0 0/0 14:33 0:02 1:39
Ian Cole 0 0 0 1 2 0 1 1 0 1 0/0 16:43 0:00 2:11
Jamie Oleksiak 0 0 0 1 0 0 2 2 1 1 0/0 23:37 3:06 2:28
Jason Robertson 0 0 0 0 0 2 1 0 1 0 0/0 16:35 2:59 0:00
John Carlson 0 0 0 0 0 0 0 1 0 1 0/0 17:09 2:51 0:00
Jordan Kyrou 0 0 0 0 0 5 1 0 1 0 1/3 15:51 2:56 0:00
Michael McLeod 0 1 1 1 0 0 1 1 0 0 3/6 11:01 0:00 1:40
Mikael Backlund 0 0 0 0 0 0 1 0 1 1 9/16 17:29 0:00 2:21
Nick Foligno 0 0 0 0 17 0 1 1 0 0 3/4 10:54 0:02 0:52
Nick Jensen 0 0 0 1 0 2 0 1 0 0 0/0 20:28 2:51 2:11
Nico Hischier 1 0 1 1 0 2 3 0 0 0 9/20 17:14 2:59 0:26
Owen Tippett 0 1 1 1 0 3 1 1 0 0 0/5 14:46 2:56 0:00
Thomas Harley 0 0 0 1 0 4 1 2 0 0 0/0 23:54 3:06 0:00
Yegor Chinakhov 1 0 1 1 0 2 2 0 0 0 0/0 10:57 0:02 0:54
3 Stars
1 - Jake Oettinger (WSH)
2 - Nico Hischier (WSH)
3 - Yegor Chinakhov (WSH)
Power Play
Calgary Flames - 1 on 3 Attempt(s) - 33.33%
Washington Capitals - 0 on 3 Attempt(s) - 0.00%
Penalty Kill
Calgary Flames - 3 on 3 Attempt(s) - 100.00%
- Score 0 goal in Penalty Kill
Washington Capitals - 2 on 3 Attempt(s) - 66.67%
- Score 0 goal in Penalty Kill
Team Stat
Calgary Flames - Hits : 15 - Faceoff Wins : 33 - Blocked Shots : 10 - Penalty Minutes : 11
Washington Capitals - Hits : 16 - Faceoff Wins : 28 - Blocked Shots : 14 - Penalty Minutes : 21
Official
Referees : Ian Walsh and Tj Luxmore
Linesman : Libor Suchanek and Justin Johnson
Game Notes
Nick Foligno beats up Matthew Tkachuk at 12:58 of 1st period
Finance
Level 1 -- Attendance: 6000 (100.00%) -- Ticket Income $570,000
Level 2 -- Attendance: 4610 (92.20%) -- Ticket Income $253,550
Level 3 -- Attendance: 3000 (100.00%) -- Ticket Income $99,000
Level 4 -- Attendance: 5000 (100.00%) -- Ticket Income $110,000
Luxury Box -- Attendance: 778 (77.80%) -- Ticket Income $151,710
Game was played at the Verizon Center.
Total Attendance: 19388 (96.94%)
Total Ticket Income: $1,184,260
Other Income: $414,491
Total Income: $1,598,751
Calgary Flames
5 vs 5 Forward
Center Left Wing Right Wing Time % Phy DF OF
1 J.T. Miller Chris Kreider Matthew Tkachuk 30 0 3 2
2 Sebastian Aho Joel Eriksson Ek Zach Hyman 30 0 3 2
3 Bo Horvat Pavel Zacha Oliver Bjorkstrand 25 0 2 3
4 Nicholas Paul Nic Dowd Mathieu Joseph 15 1 2 2
5 vs 5 Defense
Defense Defense Time % Phy DF OF
1 Drew Doughty Cale Makar 35 0 2 3
2 Kris Letang Jeremy Lauzon 35 0 2 3
3 Filip Hronek Jake Middleton 30 1 2 2
4 Drew Doughty Cale Makar 0 1 2 2
PowerPlay Forward
Center Left Wing Right Wing Time % Phy DF OF
1 J.T. Miller Chris Kreider Matthew Tkachuk 50 1 2 2
2 Sebastian Aho Pavel Zacha Zach Hyman 50 1 2 2
PowerPlay Defense
Defense Defense Time % Phy DF OF
1 Drew Doughty Cale Makar 50 1 2 2
2 Kris Letang Jeremy Lauzon 50 1 2 2
Penalty Kill 4 Players Forward
Center Wing Time % Phy DF OF
1 J.T. Miller Chris Kreider 50 1 2 2
2 Sebastian Aho Joel Eriksson Ek 50 1 2 2
Penalty Kill 4 Players Defense
Defense Defense Time % Phy DF OF
1 Drew Doughty Cale Makar 50 1 2 2
2 Kris Letang Jeremy Lauzon 50 1 2 2
Penalty Kill - 3 Players Forward
Forward Time % Phy DF OF
1 J.T. Miller 50 1 2 2
2 Chris Kreider 50 1 2 2
Penalty Kill - 3 Players Defense
Defense Defense Time % Phy DF OF
1 Drew Doughty Cale Makar 50 1 2 2
2 Kris Letang Jeremy Lauzon 50 1 2 2
4 vs 4 Forward
Center Wing Time % Phy DF OF
1 J.T. Miller Chris Kreider 50 1 2 2
2 Sebastian Aho Joel Eriksson Ek 50 1 2 2
4 vs 4 Defense
Defense Defense Time % Phy DF OF
1 Drew Doughty Cale Makar 50 1 2 2
2 Kris Letang Jeremy Lauzon 50 1 2 2
Last Minutes Offensive
Center Left Wing Right Wing Defense Defense
J.T. Miller Chris Kreider Matthew Tkachuk Drew Doughty Cale Makar
Last Minutes Defensive
Center Left Wing Right Wing Defense Defense
J.T. Miller Chris Kreider Matthew Tkachuk Drew Doughty Cale Makar
Goaltenders
Starting : Ilya Sorokin
Backup : Samuel Montembeault
Extra Forwards
Normal : Nic Dowd, Bo Horvat, Nicholas Paul - PP : Nic Dowd, Bo Horvat - PK : Nicholas Paul
Extra Defensemen
Normal : Filip Hronek, Jake Middleton, Kris Letang - PP : Filip Hronek - PK : Jake Middleton, Kris Letang
Penalty Shots
J.T. Miller, Chris Kreider, Sebastian Aho, Joel Eriksson Ek, Bo Horvat
Scratches
None
Washington Capitals
5 vs 5 Forward
Center Left Wing Right Wing Time % Phy DF OF
1 Nico Hischier Alex Ovechkin Jason Robertson 30 1 2 2
2 Mikael Backlund Brad Marchand Drake Batherson 30 1 2 2
3 Nick Foligno Fabian Zetterlund Jordan Kyrou 25 1 2 2
4 Michael McLeod Owen Tippett Yegor Chinakhov 15 1 2 2
5 vs 5 Defense
Defense Defense Time % Phy DF OF
1 John Carlson Jamie Oleksiak 30 1 2 2
2 Thomas Harley Derek Forbort 30 1 2 2
3 Ian Cole Nick Jensen 25 1 2 2
4 Thomas Harley Jamie Oleksiak 15 1 2 2
PowerPlay Forward
Center Left Wing Right Wing Time % Phy DF OF
1 Nico Hischier Brad Marchand Jason Robertson 50 1 2 2
2 Jordan Kyrou Owen Tippett Drake Batherson 50 1 2 2
PowerPlay Defense
Defense Defense Time % Phy DF OF
1 John Carlson Nick Jensen 50 1 2 2
2 Thomas Harley Jamie Oleksiak 50 1 2 2
Penalty Kill 4 Players Forward
Center Wing Time % Phy DF OF
1 Mikael Backlund Brad Marchand 50 1 2 2
2 Michael McLeod Nick Foligno 50 1 2 2
Penalty Kill 4 Players Defense
Defense Defense Time % Phy DF OF
1 Derek Forbort Jamie Oleksiak 50 1 2 2
2 Nick Jensen Ian Cole 50 1 2 2
Penalty Kill - 3 Players Forward
Forward Time % Phy DF OF
1 Mikael Backlund 50 1 2 2
2 Michael McLeod 50 1 2 2
Penalty Kill - 3 Players Defense
Defense Defense Time % Phy DF OF
1 Derek Forbort Jamie Oleksiak 50 1 2 2
2 Nick Jensen Ian Cole 50 1 2 2
4 vs 4 Forward
Center Wing Time % Phy DF OF
1 Nico Hischier Alex Ovechkin 50 1 2 2
2 Jordan Kyrou Jason Robertson 50 1 2 2
4 vs 4 Defense
Defense Defense Time % Phy DF OF
1 John Carlson Nick Jensen 50 1 2 2
2 Thomas Harley Jamie Oleksiak 50 1 2 2
Last Minutes Offensive
Center Left Wing Right Wing Defense Defense
Nico Hischier Brad Marchand Jason Robertson John Carlson Thomas Harley
Last Minutes Defensive
Center Left Wing Right Wing Defense Defense
Mikael Backlund Brad Marchand Nick Foligno Derek Forbort Jamie Oleksiak
Goaltenders
Starting : Jake Oettinger
Backup : Sergei Bobrovsky
Extra Forwards
Normal : Jordan Kyrou, Nick Foligno, Owen Tippett - PP : Drake Batherson, Owen Tippett - PK : Fabian Zetterlund
Extra Defensemen
Normal : Derek Forbort, Nick Jensen, Thomas Harley - PP : Derek Forbort - PK : Nick Jensen, Thomas Harley
Penalty Shots
Jason Robertson, Drake Batherson, Yegor Chinakhov, John Carlson, Jordan Kyrou
Scratches
Stefan Noesen (Healthy)
% Time on Ice - Calgary Flames
Lines # - Real PCT - Wanted PCT - Time Play
Normal Forward
1 - 30% - 30% - 14:55
2 - 29% - 30% - 14:21
3 - 25% - 25% - 12:14
4 - 16% - 15% - 8:02
Normal Defense
1 - 35% - 35% - 17:06
2 - 36% - 35% - 17:41
3 - 30% - 30% - 14:45
4 - 0% - 0% - 0:00
PP Forward
1 - 48% - 50% - 2:09
2 - 52% - 50% - 2:22
PP Defense
1 - 64% - 50% - 2:53
2 - 36% - 50% - 1:38
PK Forward
1 - 52% - 50% - 3:07
2 - 48% - 50% - 2:50
PK Defense
1 - 46% - 50% - 2:46
2 - 54% - 50% - 3:11
PK3 Forward
1 - 0% - 50%
2 - 0% - 50%
PK3 Defense
1 - 0% - 50%
2 - 0% - 50%
44 Forward
1 - 55% - 50% - 0:41
2 - 45% - 50% - 0:34
44 Defense
1 - 56% - 50% - 0:42
2 - 44% - 50% - 0:33
Last Minute Offensive - 0:00
Last Minute Defensive - 0:00
Total
Forward - 61:15
Defense - 61:15
|
% Time on Ice - Washington Capitals
Lines # - Real PCT - Wanted PCT - Time Play
Normal Forward
1 - 28% - 30% - 13:40
2 - 31% - 30% - 15:35
3 - 24% - 25% - 11:59
4 - 17% - 15% - 8:18
Normal Defense
1 - 28% - 30% - 13:47
2 - 31% - 30% - 15:19
3 - 28% - 25% - 13:49
4 - 13% - 15% - 6:37
PP Forward
1 - 50% - 50% - 2:59
2 - 50% - 50% - 2:58
PP Defense
1 - 48% - 50% - 2:51
2 - 52% - 50% - 3:06
PK Forward
1 - 58% - 50% - 2:36
2 - 42% - 50% - 1:55
PK Defense
1 - 52% - 50% - 2:20
2 - 48% - 50% - 2:11
PK3 Forward
1 - 100% - 50% - 0:08
2 - 0% - 50% - 0:00
PK3 Defense
1 - 100% - 50% - 0:08
2 - 0% - 50% - 0:00
44 Forward
1 - 49% - 50% - 0:33
2 - 51% - 50% - 0:34
44 Defense
1 - 84% - 50% - 0:56
2 - 16% - 50% - 0:11
Last Minute Offensive - 0:00
Last Minute Defensive - 0:00
Total
Forward - 61:15
Defense - 61:15
|
Play-by-Play
1st period
0:01 of 1st period - Nico Hischier wins face-off versus J.T. Miller in neutral zone.
0:51 of 1st period - Backhand shot by Bo Horvat.
0:51 of 1st period - Shot Blocked by Jamie Oleksiak.
0:53 of 1st period - Slapshot by Jake Middleton.
0:53 of 1st period - Stopped by Jake Oettinger without a rebound.
0:54 of 1st period - Michael McLeod wins face-off versus Nicholas Paul in Washington Capitals zone.
1:05 of 1st period - Wrist shot by Owen Tippett.
1:05 of 1st period - Stopped by Ilya Sorokin with a rebound.
1:19 of 1st period - Snap shot by Jordan Kyrou.
1:19 of 1st period - Deflect By Nick Foligno.
1:19 of 1st period - Shot Blocked by Jake Middleton.
1:19 of 1st period - Puck is out of play.
1:20 of 1st period - Nick Foligno wins face-off versus Bo Horvat in Calgary Flames zone.
1:21 of 1st period - Wrist shot by Jordan Kyrou.
1:21 of 1st period - Stopped by Ilya Sorokin without a rebound.
1:22 of 1st period - Nick Foligno wins face-off versus Bo Horvat in Calgary Flames zone.
2:21 of 1st period - Snap shot by Oliver Bjorkstrand.
2:21 of 1st period - Shot Misses the Net.
2:26 of 1st period - Off-side.
2:27 of 1st period - Drake Batherson wins face-off versus J.T. Miller in neutral zone.
3:07 of 1st period - Slapshot by Matthew Tkachuk.
3:07 of 1st period - Stopped by Jake Oettinger without a rebound.
3:08 of 1st period - Nico Hischier wins face-off versus Sebastian Aho in Washington Capitals zone.
3:17 of 1st period - Slapshot by Nico Hischier.
3:17 of 1st period - Stopped by Ilya Sorokin without a rebound.
3:18 of 1st period - Sebastian Aho wins face-off versus Nico Hischier in Calgary Flames zone.
3:18 of 1st period - Sebastian Aho is hit by Nico Hischier.
4:01 of 1st period - Off-side.
4:02 of 1st period - Nicholas Paul wins face-off versus Mikael Backlund in neutral zone.
4:44 of 1st period - Minor Penalty to J.T. Miller for Cross-checking.
4:45 of 1st period - Nicholas Paul wins face-off versus Nico Hischier in Calgary Flames zone.
4:56 of 1st period - Slapshot by Nico Hischier.
4:56 of 1st period - Shot Misses the Net.
4:58 of 1st period - Slapshot by Nick Jensen.
4:58 of 1st period - Shot Misses the Net.
5:12 of 1st period - Joel Eriksson Ek is hit by Jordan Kyrou and loses puck.
6:44 of 1st period - Penalty to J.T. Miller is over, J.T. Miller is back on ice.
6:55 of 1st period - Wrist shot by Matthew Tkachuk.
6:55 of 1st period - Shot Misses the Net.
7:22 of 1st period - Nick Jensen is hit by Jeremy Lauzon and loses puck.
8:30 of 1st period - Minor Penalty to Pavel Zacha for Slashing.
8:31 of 1st period - Sebastian Aho wins face-off versus Nico Hischier in Calgary Flames zone.
9:09 of 1st period - Icing by Jordan Kyrou.
9:10 of 1st period - J.T. Miller wins face-off versus Jordan Kyrou in Washington Capitals zone.
9:17 of 1st period - Wrist shot by Chris Kreider.
9:17 of 1st period - Stopped by Jake Oettinger without a rebound.
9:18 of 1st period - Nico Hischier wins face-off versus Sebastian Aho in Washington Capitals zone.
9:23 of 1st period - Jeremy Lauzon is hit by Nico Hischier and loses puck.
9:55 of 1st period - Slapshot by Owen Tippett.
9:55 of 1st period - Shot Blocked by Jeremy Lauzon.
10:30 of 1st period - Penalty to Pavel Zacha is over, Pavel Zacha is back on ice.
10:43 of 1st period - Wrist shot by Cale Makar.
10:43 of 1st period - Shot Blocked by Nick Foligno.
10:45 of 1st period - Slapshot by Drew Doughty.
10:45 of 1st period - Stopped by Jake Oettinger without a rebound.
10:46 of 1st period - Nicholas Paul wins face-off versus Michael McLeod in Washington Capitals zone.
10:49 of 1st period - Wrist shot by Nicholas Paul.
10:49 of 1st period - Shot Misses the Net.
10:51 of 1st period - Snap shot by Mathieu Joseph.
10:51 of 1st period - Stopped by Jake Oettinger without a rebound.
10:52 of 1st period - Michael McLeod wins face-off versus Sebastian Aho in Washington Capitals zone.
11:09 of 1st period - Slapshot by Zach Hyman.
11:09 of 1st period - Stopped by Jake Oettinger without a rebound.
11:10 of 1st period - J.T. Miller wins face-off versus Drake Batherson in Washington Capitals zone.
11:27 of 1st period - Snap shot by Drake Batherson.
11:27 of 1st period - Stopped by Ilya Sorokin without a rebound.
11:28 of 1st period - Nico Hischier wins face-off versus Sebastian Aho in Calgary Flames zone.
11:33 of 1st period - Snap shot by Alex Ovechkin.
11:33 of 1st period - Shot Misses the Net.
11:35 of 1st period - Slapshot by Derek Forbort.
11:35 of 1st period - Stopped by Ilya Sorokin with a rebound.
11:43 of 1st period - Wrist shot by Jason Robertson.
11:43 of 1st period - Stopped by Ilya Sorokin without a rebound.
11:44 of 1st period - J.T. Miller wins face-off versus Mikael Backlund in Calgary Flames zone.
11:59 of 1st period - Snap shot by Drake Batherson.
11:59 of 1st period - Shot Misses the Net.
12:17 of 1st period - Wrist shot by Chris Kreider.
12:17 of 1st period - Stopped by Jake Oettinger with a rebound.
12:19 of 1st period - Wrist shot by J.T. Miller.
12:19 of 1st period - Shot Misses the Net.
12:21 of 1st period - Slapshot by Jeremy Lauzon.
12:21 of 1st period - Shot Misses the Net.
12:58 of 1st period - Nick Foligno beats up Matthew Tkachuk.
12:58 of 1st period - Penalty to Nick Foligno for Fighting.
12:58 of 1st period - Penalty to Matthew Tkachuk for Fighting.
12:58 of 1st period - Penalty to Nick Foligno for instigated a fight.
12:58 of 1st period - Penalty to Nick Foligno for instigated a fight.
12:59 of 1st period - Mikael Backlund wins face-off versus Sebastian Aho in Washington Capitals zone.
13:08 of 1st period - Wrist shot by Mikael Backlund.
13:08 of 1st period - Shot Misses the Net.
13:38 of 1st period - Nic Dowd is hit by Michael McLeod and loses puck.
14:58 of 1st period - Penalty to Nick Foligno is over, Drake Batherson is send on ice.
15:25 of 1st period - Slapshot by Jordan Kyrou.
15:25 of 1st period - Stopped by Ilya Sorokin with a rebound.
15:27 of 1st period - Slapshot by Jordan Kyrou.
15:27 of 1st period - Stopped by Ilya Sorokin with a rebound.
15:29 of 1st period - Slapshot by Thomas Harley.
15:29 of 1st period - Deflect By Owen Tippett.
15:29 of 1st period - Stopped by Ilya Sorokin with a rebound.
15:31 of 1st period - Slapshot by Thomas Harley.
15:31 of 1st period - Stopped by Ilya Sorokin without a rebound.
15:32 of 1st period - Sebastian Aho wins face-off versus Owen Tippett in Calgary Flames zone.
16:10 of 1st period - Off-side.
16:11 of 1st period - Nico Hischier wins face-off versus J.T. Miller in neutral zone.
16:38 of 1st period - Slapshot by J.T. Miller.
16:38 of 1st period - Deflect By Bo Horvat.
16:38 of 1st period - Stopped by Jake Oettinger without a rebound.
16:39 of 1st period - Sebastian Aho wins face-off versus Drake Batherson in Washington Capitals zone.
16:40 of 1st period - Wrist shot by Zach Hyman.
16:40 of 1st period - Deflect By Thomas Harley.
16:40 of 1st period - Stopped by Jake Oettinger without a rebound.
16:41 of 1st period - Sebastian Aho wins face-off versus Mikael Backlund in Washington Capitals zone.
16:55 of 1st period - Off-side.
16:56 of 1st period - Bo Horvat wins face-off versus Nico Hischier in neutral zone.
17:05 of 1st period - Drew Doughty is hit by Jason Robertson and loses puck.
17:22 of 1st period - Mikael Backlund is hit by Joel Eriksson Ek and loses puck.
17:54 of 1st period - Chris Kreider is hit by Owen Tippett and loses puck.
18:09 of 1st period - Snap shot by Bo Horvat.
18:09 of 1st period - Shot Blocked by Ian Cole.
18:25 of 1st period - Slapshot by Yegor Chinakhov.
18:25 of 1st period - Shot Blocked by Kris Letang.
18:53 of 1st period - Minor Penalty to Ian Cole for Delaying the game.
18:54 of 1st period - Mikael Backlund wins face-off versus Sebastian Aho in Washington Capitals zone.
19:32 of 1st period - Snap shot by Zach Hyman.
19:32 of 1st period - Shot Misses the Net.
19:34 of 1st period - Slapshot by Sebastian Aho.
19:34 of 1st period - Deflect By Zach Hyman.
19:34 of 1st period - Goal by Zach Hyman - Calgary Flames : 1 - Washington Capitals : 0.
19:35 of 1st period - J.T. Miller wins face-off versus Mikael Backlund in neutral zone.
19:40 of 1st period - Snap shot by Cale Makar.
19:40 of 1st period - Shot Blocked by Thomas Harley.
Goals for this period are 1 for Calgary Flames vs 0 for Washington Capitals.
Shots for this period are 10 for Calgary Flames vs 10 for Washington Capitals.
2nd period
0:01 of 2nd period - Sebastian Aho wins face-off versus Drake Batherson in neutral zone.
0:08 of 2nd period - Snap shot by Joel Eriksson Ek.
0:08 of 2nd period - Stopped by Jake Oettinger without a rebound.
0:09 of 2nd period - Mikael Backlund wins face-off versus Zach Hyman in Washington Capitals zone.
0:17 of 2nd period - Snap shot by Thomas Harley.
0:17 of 2nd period - Stopped by Ilya Sorokin without a rebound.
0:18 of 2nd period - Nico Hischier wins face-off versus Bo Horvat in Calgary Flames zone.
0:45 of 2nd period - Alex Ovechkin is hit by Chris Kreider and loses puck.
0:54 of 2nd period - Snap shot by J.T. Miller.
0:54 of 2nd period - Shot Blocked by Derek Forbort.
1:17 of 2nd period - Drake Batherson is hit by Kris Letang and loses puck.
2:11 of 2nd period - Chris Kreider is hit by Drake Batherson and loses puck.
2:30 of 2nd period - Jake Middleton is hit by Jamie Oleksiak and loses puck.
2:41 of 2nd period - Slapshot by Owen Tippett.
2:41 of 2nd period - Shot Misses the Net.
4:04 of 2nd period - Wrist shot by Nicholas Paul.
4:04 of 2nd period - Shot Misses the Net.
4:06 of 2nd period - Slapshot by Drew Doughty.
4:06 of 2nd period - Deflect By Nic Dowd.
4:06 of 2nd period - Stopped by Jake Oettinger without a rebound.
4:07 of 2nd period - Bo Horvat wins face-off versus Owen Tippett in Washington Capitals zone.
4:11 of 2nd period - Icing by Owen Tippett.
4:12 of 2nd period - Bo Horvat wins face-off versus Owen Tippett in Washington Capitals zone.
4:13 of 2nd period - Backhand shot by Pavel Zacha.
4:13 of 2nd period - Stopped by Jake Oettinger without a rebound.
4:14 of 2nd period - Bo Horvat wins face-off versus Owen Tippett in Washington Capitals zone.
4:15 of 2nd period - Snap shot by Oliver Bjorkstrand.
4:15 of 2nd period - Stopped by Jake Oettinger without a rebound.
4:16 of 2nd period - Oliver Bjorkstrand wins face-off versus Owen Tippett in Washington Capitals zone.
4:30 of 2nd period - Snap shot by Bo Horvat.
4:30 of 2nd period - Stopped by Jake Oettinger with a rebound.
4:42 of 2nd period - Pavel Zacha is hit by Ian Cole and loses puck.
4:51 of 2nd period - Snap shot by Bo Horvat.
4:51 of 2nd period - Shot Misses the Net.
5:38 of 2nd period - Slapshot by Oliver Bjorkstrand.
5:38 of 2nd period - Shot Misses the Net.
5:44 of 2nd period - Wrist shot by Bo Horvat.
5:44 of 2nd period - Shot Misses the Net.
7:05 of 2nd period - Fabian Zetterlund is hit by Kris Letang and loses puck.
7:16 of 2nd period - Snap shot by Bo Horvat.
7:16 of 2nd period - Shot Blocked by Owen Tippett.
7:31 of 2nd period - Off-side.
7:32 of 2nd period - Sebastian Aho wins face-off versus Alex Ovechkin in neutral zone.
7:44 of 2nd period - Snap shot by Jason Robertson.
7:44 of 2nd period - Shot Misses the Net.
7:46 of 2nd period - Wrist shot by Thomas Harley.
7:46 of 2nd period - Shot Misses the Net.
7:48 of 2nd period - Wrist shot by Jason Robertson.
7:48 of 2nd period - Shot Blocked by Drew Doughty.
7:58 of 2nd period - 10 Minutes Misconduct Penalty to Nick Foligno is over.
9:29 of 2nd period - Thomas Harley is hit by Joel Eriksson Ek and loses puck.
9:36 of 2nd period - Joel Eriksson Ek is hit by Nick Foligno and loses puck.
9:53 of 2nd period - Yegor Chinakhov is hit by Chris Kreider and loses puck.
10:27 of 2nd period - Thomas Harley is hit by Jake Middleton and loses puck.
19:30 of 2nd period - Matthew Tkachuk is hit by Yegor Chinakhov and loses puck.
Goals for this period are 0 for Calgary Flames vs 0 for Washington Capitals.
Shots for this period are 5 for Calgary Flames vs 1 for Washington Capitals.
3rd period
0:01 of 3rd period - Sebastian Aho wins face-off versus Nico Hischier in neutral zone.
0:04 of 3rd period - Snap shot by Cale Makar.
0:04 of 3rd period - Shot Blocked by Derek Forbort.
0:14 of 3rd period - Snap shot by Alex Ovechkin.
0:14 of 3rd period - Shot Misses the Net.
0:26 of 3rd period - Brad Marchand is hit by Matthew Tkachuk and loses puck.
0:47 of 3rd period - Fabian Zetterlund is hit by Pavel Zacha.
0:51 of 3rd period - Drew Doughty is hit by Jamie Oleksiak.
1:13 of 3rd period - Snap shot by Cale Makar.
1:13 of 3rd period - Stopped by Jake Oettinger without a rebound.
1:14 of 3rd period - Michael McLeod wins face-off versus Nicholas Paul in Washington Capitals zone.
1:21 of 3rd period - Snap shot by Michael McLeod.
1:21 of 3rd period - Deflect By Owen Tippett.
1:21 of 3rd period - Shot Misses the Net.
1:21 of 3rd period - Puck is out of play.
1:22 of 3rd period - J.T. Miller wins face-off versus Nico Hischier in Calgary Flames zone.
1:37 of 3rd period - Slapshot by Alex Ovechkin.
1:37 of 3rd period - Stopped by Ilya Sorokin with a rebound.
1:49 of 3rd period - Zach Hyman is hit by Mikael Backlund.
1:55 of 3rd period - Wrist shot by Drake Batherson.
1:55 of 3rd period - Stopped by Ilya Sorokin without a rebound.
1:56 of 3rd period - Mikael Backlund wins face-off versus Sebastian Aho in Calgary Flames zone.
1:57 of 3rd period - Slapshot by Brad Marchand.
1:57 of 3rd period - Stopped by Ilya Sorokin without a rebound.
1:58 of 3rd period - Mikael Backlund wins face-off versus Sebastian Aho in Calgary Flames zone.
1:59 of 3rd period - Wrist shot by Brad Marchand.
1:59 of 3rd period - Shot Misses the Net.
2:07 of 3rd period - Wrist shot by Joel Eriksson Ek.
2:07 of 3rd period - Stopped by Jake Oettinger with a rebound.
2:09 of 3rd period - Wrist shot by Jake Middleton.
2:09 of 3rd period - Deflect By Sebastian Aho.
2:09 of 3rd period - Stopped by Jake Oettinger with a rebound.
2:11 of 3rd period - Backhand shot by Filip Hronek.
2:11 of 3rd period - Deflect By Sebastian Aho.
2:11 of 3rd period - Shot Blocked by Brad Marchand.
2:11 of 3rd period - Puck is out of play.
2:12 of 3rd period - Alex Ovechkin wins face-off versus J.T. Miller in Washington Capitals zone.
3:12 of 3rd period - Jordan Kyrou is hit by Jeremy Lauzon and loses puck.
3:27 of 3rd period - Wrist shot by Mathieu Joseph.
3:27 of 3rd period - Shot Blocked by Thomas Harley.
3:29 of 3rd period - Snap shot by Mathieu Joseph.
3:29 of 3rd period - Stopped by Jake Oettinger with a rebound.
3:55 of 3rd period - Yegor Chinakhov is hit by Zach Hyman and loses puck.
4:39 of 3rd period - Snap shot by Brad Marchand.
4:39 of 3rd period - Shot Misses the Net.
4:41 of 3rd period - Slapshot by Thomas Harley.
4:41 of 3rd period - Deflect By Drake Batherson.
4:41 of 3rd period - Shot Misses the Net.
4:41 of 3rd period - Puck is out of play.
4:42 of 3rd period - Sebastian Aho wins face-off versus Mikael Backlund in Calgary Flames zone.
4:49 of 3rd period - Snap shot by Sebastian Aho.
4:49 of 3rd period - Shot Misses the Net.
4:51 of 3rd period - Slapshot by Drew Doughty.
4:51 of 3rd period - Deflect By Brad Marchand.
4:51 of 3rd period - Stopped by Jake Oettinger without a rebound.
4:52 of 3rd period - Mikael Backlund wins face-off versus Sebastian Aho in Washington Capitals zone.
5:36 of 3rd period - Icing by Jamie Oleksiak.
5:37 of 3rd period - Drake Batherson wins face-off versus J.T. Miller in Washington Capitals zone.
5:54 of 3rd period - Mikael Backlund is hit by J.T. Miller and loses puck.
6:27 of 3rd period - Snap shot by Matthew Tkachuk.
6:27 of 3rd period - Stopped by Jake Oettinger with a rebound.
6:52 of 3rd period - Wrist shot by J.T. Miller.
6:52 of 3rd period - Shot Blocked by John Carlson.
7:29 of 3rd period - Snap shot by J.T. Miller.
7:29 of 3rd period - Stopped by Jake Oettinger without a rebound.
7:30 of 3rd period - Sebastian Aho wins face-off versus Nico Hischier in Washington Capitals zone.
7:37 of 3rd period - Snap shot by Joel Eriksson Ek.
7:37 of 3rd period - Stopped by Jake Oettinger without a rebound.
7:38 of 3rd period - Sebastian Aho wins face-off versus Nico Hischier in Washington Capitals zone.
7:45 of 3rd period - Snap shot by Jason Robertson.
7:45 of 3rd period - Stopped by Ilya Sorokin with a rebound.
7:57 of 3rd period - Jason Robertson is hit by Zach Hyman and loses puck.
8:12 of 3rd period - Snap shot by Zach Hyman.
8:12 of 3rd period - Stopped by Jake Oettinger without a rebound.
8:13 of 3rd period - Bo Horvat wins face-off versus Nick Foligno in Washington Capitals zone.
8:20 of 3rd period - Wrist shot by Bo Horvat.
8:20 of 3rd period - Stopped by Jake Oettinger with a rebound.
8:22 of 3rd period - Snap shot by Oliver Bjorkstrand.
8:22 of 3rd period - Shot Blocked by Nick Jensen.
8:24 of 3rd period - Slapshot by Filip Hronek.
8:24 of 3rd period - Stopped by Jake Oettinger with a rebound.
8:26 of 3rd period - Snap shot by Bo Horvat.
8:26 of 3rd period - Shot Hit the Post.
8:40 of 3rd period - Jake Middleton is hit by Yegor Chinakhov and loses puck.
8:49 of 3rd period - Wrist shot by Owen Tippett.
8:49 of 3rd period - Shot Misses the Net.
8:51 of 3rd period - Snap shot by Yegor Chinakhov.
8:51 of 3rd period - Goal by Yegor Chinakhov - Calgary Flames : 1 - Washington Capitals : 1.
8:52 of 3rd period - Bo Horvat wins face-off versus Nico Hischier in neutral zone.
8:55 of 3rd period - Slapshot by Drew Doughty.
8:55 of 3rd period - Deflect By Nico Hischier.
8:55 of 3rd period - Stopped by Jake Oettinger without a rebound.
8:56 of 3rd period - Nico Hischier wins face-off versus Bo Horvat in Washington Capitals zone.
8:56 of 3rd period - Nico Hischier is hit by Pavel Zacha.
9:10 of 3rd period - Snap shot by Nico Hischier.
9:10 of 3rd period - Shot Misses the Net.
9:12 of 3rd period - Slapshot by Thomas Harley.
9:12 of 3rd period - Stopped by Ilya Sorokin without a rebound.
9:13 of 3rd period - Nick Foligno wins face-off versus Sebastian Aho in Calgary Flames zone.
9:22 of 3rd period - Wrist shot by Jordan Kyrou.
9:22 of 3rd period - Stopped by Ilya Sorokin with a rebound.
9:24 of 3rd period - Backhand shot by Nick Foligno.
9:24 of 3rd period - Shot Misses the Net.
9:26 of 3rd period - Snap shot by Jordan Kyrou.
9:26 of 3rd period - Stopped by Ilya Sorokin without a rebound.
9:27 of 3rd period - J.T. Miller wins face-off versus Nico Hischier in Calgary Flames zone.
10:01 of 3rd period - Snap shot by Sebastian Aho.
10:01 of 3rd period - Shot Blocked by Fabian Zetterlund.
10:03 of 3rd period - Snap shot by Drew Doughty.
10:03 of 3rd period - Stopped by Jake Oettinger without a rebound.
10:04 of 3rd period - Bo Horvat wins face-off versus Mikael Backlund in Washington Capitals zone.
10:11 of 3rd period - Snap shot by Pavel Zacha.
10:11 of 3rd period - Deflect By Oliver Bjorkstrand.
10:11 of 3rd period - Stopped by Jake Oettinger without a rebound.
10:12 of 3rd period - Mikael Backlund wins face-off versus Bo Horvat in Washington Capitals zone.
10:38 of 3rd period - Snap shot by Drake Batherson.
10:38 of 3rd period - Shot Blocked by Jake Middleton.
10:40 of 3rd period - Slapshot by Nick Jensen.
10:40 of 3rd period - Deflect By Pavel Zacha.
10:40 of 3rd period - Stopped by Ilya Sorokin with a rebound.
10:42 of 3rd period - Snap shot by Brad Marchand.
10:42 of 3rd period - Shot Blocked by Filip Hronek.
10:44 of 3rd period - Slapshot by Brad Marchand.
10:44 of 3rd period - Stopped by Ilya Sorokin with a rebound.
10:46 of 3rd period - Slapshot by Nick Jensen.
10:46 of 3rd period - Stopped by Ilya Sorokin without a rebound.
10:47 of 3rd period - Sebastian Aho wins face-off versus Nico Hischier in Calgary Flames zone.
10:56 of 3rd period - Snap shot by Joel Eriksson Ek.
10:56 of 3rd period - Shot Blocked by Jamie Oleksiak.
11:13 of 3rd period - Wrist shot by Owen Tippett.
11:13 of 3rd period - Shot Blocked by Zach Hyman.
11:15 of 3rd period - Slapshot by Nick Jensen.
11:15 of 3rd period - Shot Misses the Net.
11:17 of 3rd period - Snap shot by Owen Tippett.
11:17 of 3rd period - Stopped by Ilya Sorokin without a rebound.
11:18 of 3rd period - J.T. Miller wins face-off versus Michael McLeod in Calgary Flames zone.
11:25 of 3rd period - Wrist shot by Owen Tippett.
11:25 of 3rd period - Shot Misses the Net.
11:27 of 3rd period - Slapshot by Nick Jensen.
11:27 of 3rd period - Shot Misses the Net.
11:29 of 3rd period - Slapshot by Yegor Chinakhov.
11:29 of 3rd period - Stopped by Ilya Sorokin without a rebound.
11:30 of 3rd period - Nico Hischier wins face-off versus J.T. Miller in Calgary Flames zone.
13:08 of 3rd period - Snap shot by Nicholas Paul.
13:08 of 3rd period - Shot Misses the Net.
13:10 of 3rd period - Slapshot by Nicholas Paul.
13:10 of 3rd period - Stopped by Jake Oettinger with a rebound.
13:12 of 3rd period - Snap shot by Nicholas Paul.
13:12 of 3rd period - Shot Misses the Net.
13:14 of 3rd period - Slapshot by Nic Dowd.
13:14 of 3rd period - Stopped by Jake Oettinger with a rebound.
13:57 of 3rd period - Snap shot by Drake Batherson.
13:57 of 3rd period - Stopped by Ilya Sorokin with a rebound.
14:24 of 3rd period - Jake Middleton is hit by Thomas Harley and loses puck.
15:05 of 3rd period - Off-side.
15:06 of 3rd period - Nicholas Paul wins face-off versus Michael McLeod in neutral zone.
15:44 of 3rd period - Minor Penalty to Matthew Tkachuk for Holding.
15:45 of 3rd period - Sebastian Aho wins face-off versus Jordan Kyrou in Calgary Flames zone.
16:23 of 3rd period - Sebastian Aho is hit by Nico Hischier and loses puck.
17:44 of 3rd period - Penalty to Matthew Tkachuk is over, Matthew Tkachuk is back on ice.
18:01 of 3rd period - Snap shot by J.T. Miller.
18:01 of 3rd period - Stopped by Jake Oettinger without a rebound.
18:02 of 3rd period - Pavel Zacha wins face-off versus Mikael Backlund in Washington Capitals zone.
18:08 of 3rd period - Minor Penalty to Brad Marchand for High sticking.
18:09 of 3rd period - Mikael Backlund wins face-off versus Sebastian Aho in Washington Capitals zone.
18:25 of 3rd period - Snap shot by Cale Makar.
18:25 of 3rd period - Shot Blocked by Michael McLeod.
Goals for this period are 0 for Calgary Flames vs 1 for Washington Capitals.
Shots for this period are 17 for Calgary Flames vs 14 for Washington Capitals.
Overtime #1
0:01 of 1st overtime period - Mikael Backlund wins face-off versus J.T. Miller in neutral zone.
0:08 of 1st overtime period - Penalty to Brad Marchand is over, Brad Marchand is back on ice.
0:08 of 1st overtime period - Slapshot by Jamie Oleksiak.
0:08 of 1st overtime period - Shot Blocked by J.T. Miller.
0:10 of 1st overtime period - Snap shot by Brad Marchand.
0:10 of 1st overtime period - Stopped by Ilya Sorokin with a rebound.
0:12 of 1st overtime period - Snap shot by Brad Marchand.
0:12 of 1st overtime period - Deflect By Cale Makar.
0:12 of 1st overtime period - Stopped by Ilya Sorokin with a rebound.
0:16 of 1st overtime period - Snap shot by Mikael Backlund.
0:16 of 1st overtime period - Shot Blocked by Drew Doughty.
0:18 of 1st overtime period - Wrist shot by Derek Forbort.
0:18 of 1st overtime period - Shot Blocked by J.T. Miller.
0:20 of 1st overtime period - Slapshot by Jamie Oleksiak.
0:20 of 1st overtime period - Shot Misses the Net.
0:36 of 1st overtime period - Wrist shot by Sebastian Aho.
0:36 of 1st overtime period - Stopped by Jake Oettinger without a rebound.
0:37 of 1st overtime period - Jordan Kyrou wins face-off versus Sebastian Aho in Washington Capitals zone.
1:09 of 1st overtime period - Slapshot by Thomas Harley.
1:09 of 1st overtime period - Deflect By Chris Kreider.
1:09 of 1st overtime period - Stopped by Ilya Sorokin without a rebound.
1:10 of 1st overtime period - Nico Hischier wins face-off versus J.T. Miller in Calgary Flames zone.
1:15 of 1st overtime period - Slapshot by Nico Hischier.
1:15 of 1st overtime period - Goal by Nico Hischier - Calgary Flames : 1 - Washington Capitals : 2.
Goals for this period are 0 for Calgary Flames vs 1 for Washington Capitals.
Shots for this period are 1 for Calgary Flames vs 4 for Washington Capitals.
Back to the Top